 Dungeon Crawl Stone Soup version 0.31-a0-803-g95b03c3367 (webtiles) character file.

Game seed: 7871046501229383540

4556 Tombo the Cleaver (level 10, -1/88 HPs)
             Began as a Minotaur Fighter on Sept 20, 2023.
             Was a Follower of the Shining One.
             Splashed by a goliath frog (shapeshifter)'s acid (11 damage)
             ... on level 8 of the Dungeon.
             The game lasted 00:25:35 (8446 turns).

Tombo the Cleaver (Minotaur Fighter)                Turns: 8446, Time: 00:25:36

Health: -1/88      AC: 12    Str: 26    XL:     10   Next: 18%
Magic:  9/10       EV:  8    Int:  5    God:    the Shining One [*.....]
Gold:   307        SH: 16    Dex:  9    Spells: 9/9 levels left

rFire   . . .        a - +0 war axe
rCold   . . .        l - +0 kite shield
rNeg    . . .        h - +0 chain mail
rPois   .            (helmet restricted)
rElec   .            b - +1 cloak
rCorr   .            A - +0 pair of gloves
SInv    .            e - +0 pair of boots
Will    .....        (no amulet) Stlth
                     (no ring)
HPRegen 0.34/turn    (no ring)
MPRegen 0.12/turn

%: no passive effects
@: divinely shielded, corroded, glowing
A: horns 2, retaliatory headbutt
a: Renounce Religion, Divine Shield


You were on level 8 of the Dungeon.
You worshipped the Shining One.
The Shining One was aware of your devotion.
You visited 2 branches of the dungeon, and saw 9 of its levels.

You collected 307 gold pieces.

Inventory:

Hand Weapons
 a - a +0 war axe (weapon)
 w - a +2 hammer of protection
 z - a +0 club
Missiles
 u - 2 throwing nets
Armour
 b - a +1 cloak (worn)
 c - a +0 buckler
 e - a +0 pair of boots (worn)
 f - a +2 ring mail of fire resistance
 h - a +0 chain mail (worn)
 l - a +0 kite shield (worn)
 o - the +0 robe "Lokkitan" {rPois rF- rN+ rCorr}
   (You found it on level 6 of the Dungeon)

   rF-:       It makes you vulnerable to fire.
   rPois:     It protects you from poison rN+: It protects you from negative
   energy.
   rCorr:     It protects you from acid and corrosion.
 A - a +0 pair of gloves (worn)
Jewellery
 q - a +5 ring of evasion
Wands
 i - a wand of roots (6)
 y - a wand of flame (36)
Scrolls
 g - 2 scrolls of teleportation
 s - a scroll of immolation
 v - a scroll of revelation
 B - a scroll of fear {unknown}
Potions
 d - 3 potions of might
 j - a potion of magic
 k - a potion of brilliance
 m - 2 potions of attraction
 n - 4 potions of curing
 p - a potion of haste
 r - a potion of cancellation {unknown}
 t - a potion of degeneration {unknown}
 x - a potion of lignification {unknown}


   Skills:
 + Level 7.6 Fighting
 + Level 11.8 Axes
 + Level 9.5 Armour
 + Level 2.4 Dodging
 + Level 1.1 Stealth
 + Level 7.4 Shields
 + Level 1.9 Invocations


You had 9 spell levels left.
You didn't know any spells.
Your spell library contained the following spells:

 Spells                   Type           Power      Damage    Failure   Level
 Scorch                   Fire           0%         2d5       99%         2
 Flame Wave               Conj/Fire      0%         2d4       100%        4
 Summon Cactus Giant      Summ           0%         N/A       100%        6


Dungeon Overview and Level Annotations

Branches:
Dungeon (8/15)             Temple (1/1) D:5
   Lair: D:8-11

Altars:
Ashenzari
Cheibriados
Dithmenos
Elyvilon
Fedhas
Gozag
Hepliaklqana
Kikubaaqudgha
Makhleb
Nemelex Xobeh
Okawaru
Ru
Sif Muna
Trog
Uskayaw
Wu Jian
Xom
Yredelemnul
Zin
The Shining One

Shops:
D:4 [   D:8 :


Innate Abilities, Weirdness & Mutations

You have a pair of horns on your head.
You reflexively headbutt those who attack you in melee.


Message History

You hit the fire dragon but do no damage.
You block the sky beast's attack. You block the fire dragon's attack.
The fire dragon claws you but does no damage.
You block the fire dragon's attack.
You completely miss the sky beast. Your headbutt misses the sky beast.
The sky beast is severely wounded.
You slash the fire dragon! You block the sky beast's attack.
The fire dragon bites you but does no damage.
The fire dragon claws you. You block the fire dragon's attack.
You slash the sky beast!
You kill the sky beast!
You hit the fire dragon. You block the fire dragon's attack. x2
The fire dragon tramples you but does no damage.
You slash the fire dragon! You headbutt the fire dragon!
The fire dragon is moderately wounded.
The fire dragon bites you. You block the fire dragon's attack. x2
You hit the fire dragon.
The fire dragon is moderately wounded.
The fire dragon bites you but does no damage.
The fire dragon claws you. You block the fire dragon's attack.
You hit the fire dragon but do no damage.
You headbutt the fire dragon, but do no damage.
The fire dragon is moderately wounded.
The fire dragon bites you but does no damage.
The fire dragon claws you! You block the fire dragon's attack.
You barely miss the fire dragon.
The fire dragon is moderately wounded.
The fire dragon changes into a goliath frog!
You slash the goliath frog!
The goliath frog is severely wounded.
The goliath frog hits you!
* * * LOW HITPOINT WARNING * * *
You are splashed with acid!
* * * LOW HITPOINT WARNING * * *
You barely miss the goliath frog.
The goliath frog is severely wounded.
The goliath frog hits you.
* * * LOW HITPOINT WARNING * * *
The acid corrodes you!
You are splashed with acid!
You die...

.......##.........#####.####.###.
...##.##...........####..........
....#.....≈≈≈≈≈≈≈≈.#.#.........>.
.........≈≈≈≈≈≈≈≈≈≈≈.............
....#...≈≈≈######≈≈≈≈............
...##.#≈≈≈##D...##8≈≈≈...........
...##..≈≈##......##.≈≈≈.#....##..
#.#####≈≈#..####)F#8.≈≈≈##....#..
### #≈≈#.. #@.'..<≈≈.#...>...
#≈≈#..'! #..'...≈≈...###...
#≈≈#..####..#8.≈≈≈.........
#≈≈##......##.≈≈≈......).##
#≈≈≈##....##8≈≈≈#..........
#≈≈≈######≈≈≈≈##.#.#....#.
#≈≈≈≈≈≈≈≈≈≈≈###.###..[.##
#≈≈≈≈≈≈≈≈..# #.###....##
##....####.###..)#....).


You could see a goliath frog shaped shifter.

Vanquished Creatures
  Pikel (D:8)
  Maggie (D:8)
  A hornet (D:7)
  Sigmund (D:6)
  Grum (D:8)
  2 black bears
  An ice beast (D:7)
  A sky beast (D:8)
  2 ogres
  2 wolves (D:8)
  6 centaurs
  3 phantoms
  2 lemures (D:8)
  2 bullfrogs (D:8)
  2 scorpions
  A gnoll sergeant (D:7)
  11 wights
  An electric eel (D:8)
  A howler monkey (D:5)
  4 hounds
  2 gnoll boudas (D:7)
  3 jellies
  Crazy Yiuf (D:7)
  5 orc priests
  A sleepcap (D:5)
  2 iguanas
  4 orc wizards
  14 gnolls
  3 adders
  3 white imps (D:7)
  3 ufetubi
  3 worms
  38 orcs
  4 endoplasms
  3 giant cockroaches
  8 goblins
  6 hobgoblins
  4 jackals (D:2)
  6 quokkas
  3 ball pythons
  4 bats
  A frilled lizard (D:1)
  7 kobolds
  4 rats
178 creatures vanquished.

Notes
Turn   | Place    | Note
-------+----------+-------------------------------------------
     0 | D:1      | Tombo the Minotaur Fighter began the quest for the Orb.
     0 | D:1      | Reached XP level 1. HP: 19/19 MP: 0/0
   102 | D:1      | Reached XP level 2. HP: 27/27 MP: 1/1
   584 | D:1      | Reached XP level 3. HP: 31/33 MP: 2/2
  1118 | D:2      | Reached skill level 3 in Axes
  1449 | D:2      | Reached XP level 4. HP: 40/40 MP: 3/3
  1848 | D:4      | Noticed a phantom
  1861 | D:4      | Killed a phantom
  1862 | D:4      | Reached skill level 4 in Axes
  1862 | D:4      | Reached skill level 5 in Armour
  1862 | D:4      | Reached XP level 5. HP: 38/47 MP: 4/4
  1895 | D:4      | Found Gyod's Armour Emporium.
  1918 | D:4      | Noticed a phantom
  1949 | D:4      | Killed a phantom
  1980 | D:4      | Reached XP level 6. HP: 53/53 MP: 5/5
  2130 | D:4      | Reached skill level 5 in Axes
  2489 | D:5      | Entered Level 5 of the Dungeon
  2737 | D:5      | Reached skill level 1 in Dodging
  2853 | D:5      | You fall into a shaft and drop 1 floor!
  2875 | D:6      | Reached skill level 6 in Axes
  2875 | D:6      | Reached XP level 7. HP: 56/60 MP: 6/6
  2883 | D:6      | Identified the +0 robe "Lokkitan" {rPois rF- rN+ rCorr}
  3081 | D:6      | Found a sparkling altar of Nemelex Xobeh.
  3349 | D:6      | Reached skill level 5 in Fighting
  3349 | D:6      | Reached skill level 7 in Axes
  3349 | D:6      | Reached skill level 5 in Shields
  3801 | D:6      | Noticed Sigmund
  3820 | D:6      | Killed Sigmund
  3823 | D:6      | Reached skill level 8 in Axes
  3823 | D:6      | Reached XP level 8. HP: 30/69 MP: 7/7
  4713 | D:5      | Found a staircase to the Ecumenical Temple.
  4722 | Temple   | Entered the Ecumenical Temple
  4796 | Temple   | Became a worshipper of the Shining One
  5337 | D:7      | Reached skill level 9 in Axes
  5578 | D:7      | Reached * piety under the Shining One
  5658 | D:7      | Noticed a hornet
  5700 | D:7      | Reached skill level 10 in Axes
  5884 | D:7      | Paralysed by a hornet for 2 turns
  5900 | D:7      | Killed a hornet
  5901 | D:7      | Reached XP level 9. HP: 18/78 MP: 5/8
  6147 | D:7      | HP: 3/78 [poisoned by a gnoll sergeant]
  6479 | D:7      | Found a runed translucent door.
  6480 | D:7      | Noticed Crazy Yiuf
  6667 | D:7      | Killed Crazy Yiuf
  6842 | D:8      | Noticed Pikel
  6855 | D:8      | Killed Pikel
  6856 | D:8      | Reached skill level 1 in Stealth
  6915 | D:8      | Reached skill level 11 in Axes
  7291 | D:8      | Noticed Maggie
  7303 | D:8      | Killed Maggie
  7304 | D:8      | Reached skill level 1 in Invocations
  7432 | D:8      | Found Wuryne's Tremendous Tomes.
  7492 | D:8      | Noticed Grum
  7501 | D:8      | Killed Grum
  7503 | D:8      | Reached XP level 10. HP: 39/86 MP: 8/10
  8331 | D:8      | Reached ** piety under the Shining One
  8427 | D:8      | Noticed a boulder beetle
  8427 | D:8      | a boulder beetle changed into a fire dragon
  8427 | D:8      | Noticed a fire dragon (shapeshifter)
  8444 | D:8      | a fire dragon changed into a goliath frog
  8444 | D:8      | Noticed a goliath frog (shapeshifter)
  8446 | D:8      | Splashed by a goliath frog (shapeshifter)'s acid

Illustrated notes

Levels and vault maps discovered:
D:1:      zelgadis_glass_arrival_small, layout_basic
D:2:      layout_rooms
D:3:      kb_forest_paths, layout_loops_ring, kennysheep_another_room
D:4:      layout_loops_ring, serial_shops, shop
D:5:      layout_loops_ring, minmay_temple_entry_poolview, minivault_26,
          kennysheep_boxes
D:6:      layout_layer_cave, mainiacjoe_overflow_surrounded_room,
          portal_sewer_entry_f, uniq_sigmund
D:7:      layout_rooms, uniq_crazy_yiuf_cottage
D:8:      layout_cave_pools, minmay_misc_feat_enclosed,
          nicolae_shop_i_like_big_books, kennysheep_island_fort, uniq_grum,
          uniq_pikel, uniq_maggie
Temple:   hellmonk_temple_of_storms

Skill      XL: |  1  2  3  4  5  6  7  8  9 10 |
---------------+-------------------------------+-----
Armour         | 4 5 6 7 8 9 |  9.5
Shields        | 4 5 6 7 |  7.4
Fighting       | 4 5 6 7 |  7.6
Axes           | 3 4 6 8 10 11 | 11.8
Dodging        | 1 2 |  2.4
Stealth        | 1 |  1.1
Invocations    | 1 |  1.9

Action                     |  1- 3 |  4- 6 |  7- 9 | 10-12 || total
---------------------------+-------+-------+-------+-------++-------
  Melee: War axe           |    71 |   111 |   272 |    45 ||   499
         Headbutt          |     9 |    14 |    60 |     9 ||    92
 Invoke: Divine Shield     |       |       |     4 |     1 ||     5
    Use: Scroll            |     4 |     3 |     4 |     2 ||    13
         Potion            |       |     1 |     5 |       ||     6
 Armour: Scale mail        |    15 |       |       |       ||    15
         Ring mail         |     6 |       |       |       ||     6
         Chain mail        |    21 |    82 |   255 |    50 ||   408
  Dodge: Dodged            |    29 |    48 |   104 |    18 ||   199
  Block: Buckler           |    15 |    25 |    49 |       ||    89
         Kite shield       |       |       |    55 |    36 ||    91

Table legend: (Time is in decaauts)
 A = Elapsed time spent in this place.
 B = Non-inter-level travel time spent in this place.
 C = Inter-level travel time spent in this place.
 D = Time resting spent in this place.
 E = Time spent auto-exploring this place.
 F = Levels seen in this place.
 G = Mean time per level.
                   A        B        C        D        E       F      G
               +--------+--------+--------+--------+--------+-----+--------+
         Total |   8546 |   8184 |    362 |   2107 |   3834 |   9 |  949.6 |
       Dungeon |   8443 |   8081 |    362 |   2107 |   3834 |   8 | 1055.4 |
        Temple |    102 |    102 |      0 |      0 |      0 |   1 |  102.0 |
               +--------+--------+--------+--------+--------+-----+--------+

Top non-repeatable levels by time:
     D:8: 1639 daAuts
     D:6: 1636 daAuts
     D:7: 1496 daAuts
     D:5: 1127 daAuts
     D:1: 844 daAuts
     D:4: 763 daAuts
     D:2: 745 daAuts
     D:3: 190 daAuts
  Temple: 102 daAuts
